 Dungeon Crawl Stone Soup version 0.28-a0-1435-g82390b3a13 (webtiles) character file.

Game seed: 570107487342887943

54 hashsling the Magician (level 4, -10/35 HPs)
             Began as a Human Wanderer on Jan 9, 2022.
             Mangled by a gnoll (14 damage)
             ... on level 2 of the Dungeon.
             The game lasted 00:10:11 (938 turns).

hashsling the Magician (Human Wanderer)              Turns: 938, Time: 00:10:12

Health: -10/35     AC:  3    Str: 12    XL:     4   Next: 12%
Magic:  4/10       EV: 12    Int: 13    God:
Gold:   15         SH:  0    Dex: 14    Spells: 9/11 levels left

rFire   . . .      SeeInvis .   a - +1 quarterstaff (freeze)
rCold   + . .      Faith    .   (shield currently unavailable)
rNeg    . . .      Spirit   .   b - +0 leather armour
rPois   +          Reflect  .   (no helmet)
rElec   .          Harm     .   (no cloak)
rCorr   .          Rampage  .   (no gloves)
Will    .....                   (no boots)
Stlth   +.........              (no amulet)
HPRegen 0.11/turn               d - ring of poison resistance
MPRegen 0.12/turn               h - ring of protection from cold

@: no status effects
A: no striking features
a: no special abilities


You were on level 2 of the Dungeon.
You visited 1 branch of the dungeon, and saw 2 of its levels.

You collected 15 gold pieces.

Inventory:

Hand Weapons
 a - a +1 quarterstaff of freezing (weapon)
Missiles
 e - 5 atropa-tipped darts
 f - 4 sling bullets
 g - 36 bolts
Armour
 b - a +0 leather armour (worn)
Jewellery
 c - a ring of ice
 d - a ring of poison resistance (left hand)
 h - a ring of protection from cold (right hand)
 l - a ring of flight


   Skills:
 * Level 3.0 Fighting
 * Level 2.4 Staves
 - Level 1.0 Armour
 * Level 2.0 Dodging
 - Level 4.0 Spellcasting


You had 9 spell levels left.
You knew the following spells:

 Your Spells              Type           Power      Damage    Failure   Level
a - Sting                 Tmut/Pois      8%         1d3       26%         1
q - Summon Small Mammal   Summ           8%         N/A       26%         1

Your spell library contained the following spells:

 Spells                   Type           Power      Damage    Failure   Level
 Call Canine Familiar     Summ           2%         N/A       61%         3
 Confusing Touch          Hex            2%         N/A       61%         3
 Mephitic Cloud           Conj/Pois/Air  2%         N/A       61%         3
 Summon Guardian Golem    Hex/Summ       2%         N/A       61%         3


Dungeon Overview and Level Annotations

Branches:
Dungeon (2/15)

Altars:


Message History

Press: ? - help, Shift-Dir - straight line, f - gnoll, p - gnoll
Aim: a gnoll, wielding a +0 halberd (69% to hit)
The sting hits the kobold.
The kobold looks even sicker.
The kobold is severely wounded.
The kobold hits you but does no damage.
Casting: Sting (safe; 26% risk of failure)
Confirm with . or Enter, or press ? or * to list all spells.
Aiming: Sting (safe; 26% risk of failure)
Press: ? - help, Shift-Dir - straight line, f/p - gnoll
Aim: a gnoll, wielding a +0 halberd (69% to hit)
The sting hits the kobold.
The kobold looks even sicker.
You kill the kobold!
Casting: Sting (safe; 26% risk of failure)
Confirm with . or Enter, or press ? or * to list all spells.
Aiming: Sting (safe; 26% risk of failure)
Press: ? - help, Shift-Dir - straight line, f/p - gnoll
Aim: a gnoll, wielding a +0 halberd (69% to hit)
The sting hits the giant cockroach but does no damage.
The giant cockroach is poisoned.
The giant cockroach bites you but does no damage.
The gnoll misses you.
Casting: Sting (safe; 26% risk of failure)
Confirm with . or Enter, or press ? or * to list all spells.
Aiming: Sting (safe; 26% risk of failure)
Press: ? - help, Shift-Dir - straight line, f - gnoll, p - gnoll
Aim: a gnoll, wielding a +0 spear (69% to hit)
The sting hits the giant cockroach but does no damage.
The giant cockroach looks even sicker.
The giant cockroach is heavily wounded.
You kill the giant cockroach!
The gnoll closely misses you.
Casting: Sting (safe; 26% risk of failure)
Confirm with . or Enter, or press ? or * to list all spells.
Aiming: Sting (safe; 26% risk of failure)
Press: ? - help, Shift-Dir - straight line, f/p - gnoll
Aim: a gnoll, wielding a +0 spear (69% to hit)
The sting hits the gnoll.
The gnoll is poisoned.
The gnoll is lightly wounded.
The gnoll hits you from afar with a +0 halberd!
You die...

....g#####.#
.....gK..g.#
....)####.g# ....##
#..# )..## #Bg# #.##
#..# #.# #..# #####
#.#
#####..#######......
#....(...(..Jgg)@...#
...........#.#####.##
########.#..... #
#...#.### #.....#
#.#.### ...#.# ####.


You could see 2 gnolls and an endoplasm.

Vanquished Creatures
  A gnoll (D:2)
  2 adders (D:2)
  A worm (D:2)
  A dart slug (D:1)
  4 endoplasms
  3 giant cockroaches
  A goblin (D:2)
  2 ball pythons (D:1)
  2 bats
  4 frilled lizards
  3 kobolds
24 creatures vanquished.

Notes
Turn   | Place    | Note
-------+----------+-------------------------------------------
     0 | D:1      | hashsling the Human Wanderer began the quest for the Orb.
     0 | D:1      | hashsling set off with the following items: a +1
                  | quarterstaff, a +0 leather armour; and the following spell
                  | memorised: Sting; and the following spells available to
                  | memorise: Call Canine Familiar, Confusing Touch, Mephitic
                  | Cloud
     0 | D:1      | Reached XP level 1. HP: 16/16 MP: 5/5
   506 | D:1      | Reached XP level 2. HP: 22/22 MP: 7/7
   508 | D:1      | Learned a level 1 spell: Summon Small Mammal
   556 | D:1      | Reached skill level 1 in Dodging
   796 | D:2      | Reached XP level 3. HP: 14/28 MP: 1/8
   911 | D:2      | Reached XP level 4. HP: 16/35 MP: 5/10
   938 | D:2      | Mangled by a gnoll

Illustrated notes

Levels and vault maps discovered:
D:1:      dpeg_chamrin_arrival_tetris, layout_basic
D:2:      layout_loops_ring

Skill      XL: |  1  2  3  4 |
---------------+-------------+-----
Dodging        | 1 2 |  2.0
Fighting       | 3 |  3.0
Staves         | |  2.4
Armour         | |  1.0
Spellcasting   | |  4.0

Action                   |  1- 3 |  4- 6 || total
-------------------------+-------+-------++-------
Melee: Quarterstaff      |    39 |     5 ||    44
 Cast: Sting             |    21 |     6 ||    27
       Summon Small Mamm |     4 |       ||     4
  Use: Scroll            |     2 |       ||     2
       Potion            |     1 |     1 ||     2
Armor: Leather armour    |    10 |     4 ||    14
Dodge: Dodged            |    30 |    14 ||    44

Table legend: (Time is in decaauts)
 A = Elapsed time spent in this place.
 B = Non-inter-level travel time spent in this place.
 C = Inter-level travel time spent in this place.
 D = Time resting spent in this place.
 E = Time spent auto-exploring this place.
 F = Levels seen in this place.
 G = Mean time per level.
                   A        B        C        D        E       F      G
               +--------+--------+--------+--------+--------+-----+--------+
         Total |    944 |    944 |      0 |      0 |    666 |   2 |  472.0 |
       Dungeon |    944 |    944 |      0 |      0 |    666 |   2 |  472.0 |
               +--------+--------+--------+--------+--------+-----+--------+

Top non-repeatable levels by time:
     D:1: 697 daAuts
     D:2: 247 daAuts
